 Dungeon Crawl Stone Soup version 0.29.0-4-gdea44cf6ec (webtiles) character file.

Game seed: 10776846056260283746

18151 qw the Severer (level 12, -7/168 HPs)
             Began as a Minotaur Berserker on Sept 6, 2022.
             Was a Priest of Trog.
             Mangled by a cyan very ugly thing (21 damage)
             ... on level 2 of the Abyss.
             The game lasted 00:04:27 (14404 turns).

qw the Severer (Minotaur Berserker)                Turns: 14404, Time: 00:04:28

Health: -7/168     AC: 24    Str: 28    XL:     12   Next: 25%
Magic:  11/11      EV:  8    Int:  4    God:    Trog [***...]
Gold:   699        SH:  5    Dex:  9    Spells: 11/11 levels left

rFire   . . .      SeeInvis .   Y - +2 war axe (protect)
rCold   + . .      Faith    .   q - +0 buckler
rNeg    . . .      Spirit   .   u - +0 plate armour
rPois   .          Reflect  .   (helmet restricted)
rElec   .          Harm     .   h - +0 cloak
rCorr   .          Rampage  .   t - +0 pair of gloves
Will    +....                   (no boots)
Stlth   ..........              (no amulet)
HPRegen 0.38/turn               n - ring of protection from cold
MPRegen 0.12/turn               g - ring of willpower

@: berserking (expiring), under a protective aura, very quick
A: horns 2, retaliatory headbutt
a: Renounce Religion, Berserk, Trog's Hand


You were on level 2 of the Abyss.
You worshipped Trog.
Trog was most pleased with you.
You visited 2 branches of the dungeon, and saw 12 of its levels.
You visited the Abyss 1 time.

You collected 748 gold pieces.
You spent 49 gold pieces at shops.


Innate Abilities, Weirdness & Mutations

You have a pair of horns on your head.
You reflexively headbutt those who attack you in melee.


   Skills:
 - Level 12.0 Fighting
 - Level 16.0 Axes
 - Level 5.0 Throwing
 + Level 10.2 Armour
 - Level 4.0 Dodging
 - Level 7.9 Shields


You had 11 spell levels left.
You didn't know any spells.
Your spell library was empty.

Inventory:

Hand Weapons
 e - a +0 flail
 Y - a +2 war axe of protection (weapon)
Missiles
 p - 7 boomerangs
 s - a javelin (quivered)
Armour
 h - a +0 cloak (worn)
 q - a +0 buckler (worn)
 t - a +0 pair of gloves (worn)
 u - a +0 plate armour (worn)
Jewellery
 g - a ring of willpower (right hand)
 n - a ring of protection from cold (left hand)
 o - a ring of positive energy
Wands
 c - a wand of digging (2)
Scrolls
 a - a scroll of enchant armour {unknown}
 i - a scroll of identify
 l - a scroll of teleportation
Potions
 b - a potion of resistance
 d - a potion of cancellation
 f - a potion of mutation
 j - a potion of might
 k - 2 potions of curing
 x - 3 potions of haste

Dungeon Overview and Level Annotations

Branches:
Dungeon (10/15)            Temple (0/1) D:6            Lair (2/5) D:10
  Snake (0/4) Lair:2          Orc (0/2) D:10
  Swamp: Lair:2-3    Shoals: Lair:2-3

Altars:
Fedhas
Nemelex Xobeh
Trog
Xom

Shops:
D:3 [   D:7 [

Annotations:
Lair:1 1 runed translucent door, qw's ghost, journeyman TrCA
Lair:2 Sonja


Message History

You closely miss the cyan very ugly thing.
You headbutt the cyan very ugly thing!
The cyan very ugly thing is moderately wounded.
You barely miss the cyan ugly thing.
The cyan ugly thing engulfs you but does no damage.
You slash the cyan very ugly thing!
The cyan very ugly thing is heavily wounded.
You slash the cyan ugly thing! The cyan very ugly thing kicks you.
The cyan very ugly thing shocks you!!
You closely miss the cyan very ugly thing.
The cyan very ugly thing is heavily wounded.
You slash the cyan ugly thing! You block the cyan ugly thing's attack.
You barely miss the cyan ugly thing.
The cyan ugly thing is severely wounded.
You completely miss the cyan very ugly thing.
You closely miss the cyan ugly thing.
Your headbutt misses the cyan ugly thing.
The cyan ugly thing is severely wounded.
You slash the cyan very ugly thing!
The cyan ugly thing engulfs you but does no damage.
You slice the cyan very ugly thing!!
The cyan very ugly thing is almost dead.
You slice the cyan very ugly thing!! You closely miss the cyan ugly thing.
The cyan very ugly thing barely misses you.
You completely miss the cyan very ugly thing.
Your headbutt misses the cyan very ugly thing.
The cyan very ugly thing is almost dead.
You closely miss the cyan very ugly thing.
You slash the cyan ugly thing!
The cyan very ugly thing barely misses you.
You furiously retaliate!
You headbutt the cyan very ugly thing. The cyan ugly thing engulfs you.
The cyan ugly thing shocks you!
You slash the cyan very ugly thing!
Your headbutt misses the cyan very ugly thing.
The cyan very ugly thing is almost dead.
You slash the cyan very ugly thing! You barely miss the cyan ugly thing.
You block the cyan very ugly thing's attack.
The cyan very ugly thing bites you! The cyan very ugly thing shocks you!!
You die...

#. .# . .#
.# #. . .#
.#. . #
##.# ..#
...##
#.u##....#
#.
...#.@uu..#
#..#u.##...
#... ##.#
#.#.# .#
#.#... .#
#. ... .. .
...#. # ##
##.#. ####


You could see 2 very ugly things and 2 ugly things.

Vanquished Creatures
  3 hydras
  Erolcha (D:10)
  Erica (D:10)
  5 black mambas (Lair:2)
  A cane toad (Lair:1)
  A rime drake (Lair:1)
  3 komodo dragons
  A troll (D:9)
  A blink frog (shapeshifter) (D:9)
  8 blink frogs
  2 wyverns
  24 yaks
  A ynoxinul (Abyss:2)
  2 basilisks
  3 steam dragons
  14 water moccasins
  3 ice beasts
  2 orc warriors (D:10)
  A sky beast (D:7)
  3 black bears
  4 ogres
  4 centaurs
  A kobold brigand (D:8)
  A phantom (D:5)
  3 necrophages
  9 bullfrogs
  2 scorpions (D:5)
  10 wights
  11 killer bees
  3 howler monkeys (D:9)
  A quasit (Abyss:2)
  7 hounds
  3 orc priests
  4 iguanas
  7 orc wizards
  Robin (D:2)
  11 adders
  3 shadow imps
  2 white imps
  4 ufetubi
  3 worms
  A dart slug (D:1)
  41 orcs
  5 ball pythons
  10 endoplasms
  2 giant cockroaches (D:3)
  14 goblins
  10 hobgoblins
  11 kobolds
  A quokka (D:4)
  4 bats
  4 frilled lizards
  2 rats
  A butterfly (D:6)
280 creatures vanquished.

Vanquished Creatures (others)
  5 dream sheep (D:6)
  A butterfly (D:6)
  17 fungi
  104 plants
127 creatures vanquished.

Grand Total: 407 creatures vanquished

Notes
Turn   | Place    | Note
-------+----------+-------------------------------------------
     0 | D:1      | qw the Minotaur Berserker began the quest for the Orb.
     0 | D:1      | Reached XP level 1. HP: 19/19 MP: 0/0
     0 | D:1      | 0 ||| qw: Version: 0.1-a-108-g9e35731
     0 | D:1      | 0 ||| qw: Game counter: 6201
     0 | D:1      | 0 ||| qw: Always use a shield: true
     0 | D:1      | 0 ||| qw: Do Orc after D:15 true
     0 | D:1      | 0 ||| qw: Do second Lair branch before Depths: true
     0 | D:1      | 0 ||| qw: Lair rune preference: random
     0 | D:1      | 0 ||| qw: Plans: Normal
     0 | D:1      | 0 ||| PLANNING D:1-11
    44 | D:1      | 44 ||| Stepping ~*~*~tactically~*~*~ (stealth).
    65 | D:1      | 65 ||| Stepping ~*~*~tactically~*~*~ (stealth).
    67 | D:1      | 67 ||| Stepping ~*~*~tactically~*~*~ (stealth).
    69 | D:1      | 69 ||| Stepping ~*~*~tactically~*~*~ (stealth).
    82 | D:1      | 82 ||| Stepping ~*~*~tactically~*~*~ (stealth).
    89 | D:1      | Reached skill level 4 in Axes
   139 | D:1      | 139 ||| Stepping ~*~*~tactically~*~*~ (stealth).
   165 | D:1      | Reached XP level 2. HP: 26/26 MP: 1/1
   301 | D:1      | 301 ||| Stepping ~*~*~tactically~*~*~ (hiding).
   302 | D:1      | 302 ||| Stepping ~*~*~tactically~*~*~ (hiding).
   656 | D:1      | 656 ||| READING scroll labelled NOOTIM EFITEIZEGRY.
   661 | D:1      | 661 ||| READING scroll labelled GUSAED PAINIAF.
   662 | D:1      | 662 ||| READING scroll labelled WUR WUXAHEU.
   663 | D:1      | 663 ||| READING scroll labelled UHELLALEEH.
   771 | D:2      | 771 ||| Stepping ~*~*~tactically~*~*~ (stealth).
   779 | D:2      | Reached skill level 5 in Axes
   779 | D:2      | Reached XP level 3. HP: 20/31 MP: 2/2
   779 | D:2      | 779 ||| FLEEEEING.
   780 | D:2      | 780 ||| FLEEEEING.
   781 | D:2      | 781 ||| FLEEEEING.
   782 | D:2      | 782 ||| FLEEEEING.
   783 | D:2      | 783 ||| FLEEEEING.
   784 | D:2      | 784 ||| FLEEEEING.
   785 | D:2      | 785 ||| FLEEEEING.
   786 | D:2      | 786 ||| FLEEEEING.
   787 | D:2      | 787 ||| FLEEEEING.
   788 | D:2      | 788 ||| FLEEEEING.
   789 | D:2      | 789 ||| FLEEEEING.
   791 | D:2      | 791 ||| FLEEEEING.
   792 | D:2      | 792 ||| FLEEEEING.
   793 | D:2      | 793 ||| FLEEEEING.
   794 | D:2      | 794 ||| FLEEEEING.
   795 | D:2      | 795 ||| FLEEEEING.
   796 | D:2      | 796 ||| FLEEEEING.
   797 | D:2      | 797 ||| FLEEEEING.
   798 | D:2      | 798 ||| FLEEEEING.
   799 | D:2      | 799 ||| FLEEEEING.
   800 | D:2      | 800 ||| FLEEEEING.
   801 | D:2      | 801 ||| FLEEEEING.
   802 | D:2      | 802 ||| FLEEEEING.
   803 | D:2      | 803 ||| FLEEEEING.
   804 | D:2      | 804 ||| FLEEEEING.
   805 | D:2      | 805 ||| FLEEEEING.
   806 | D:2      | 806 ||| FLEEEEING.
   807 | D:2      | 807 ||| FLEEEEING.
   808 | D:2      | 808 ||| FLEEEEING.
   809 | D:2      | 809 ||| FLEEEEING.
   810 | D:2      | 810 ||| FLEEEEING.
   811 | D:2      | 811 ||| FLEEEEING.
   812 | D:2      | 812 ||| FLEEEEING.
   813 | D:2      | 813 ||| FLEEEEING.
   814 | D:2      | 814 ||| FLEEEEING.
   816 | D:2      | 816 ||| FLEEEEING.
   817 | D:2      | 817 ||| FLEEEEING.
   818 | D:2      | 818 ||| FLEEEEING.
   819 | D:2      | 819 ||| FLEEEEING.
   820 | D:2      | 820 ||| FLEEEEING.
   821 | D:2      | 821 ||| FLEEEEING.
   822 | D:2      | 822 ||| FLEEEEING.
   823 | D:2      | 823 ||| FLEEEEING.
   824 | D:2      | 824 ||| FLEEEEING.
   825 | D:2      | 825 ||| FLEEEEING.
   826 | D:2      | 826 ||| FLEEEEING.
   827 | D:2      | 827 ||| FLEEEEING.
   828 | D:2      | 828 ||| FLEEEEING.
   830 | D:2      | 830 ||| FLEEEEING.
   831 | D:2      | 831 ||| FLEEEEING.
   832 | D:2      | 832 ||| FLEEEEING.
   833 | D:2      | 833 ||| STAIRDANCE
   929 | D:1      | 929 ||| UPGRADING to +0 leather armour.
   939 | D:1      | 939 ||| DROPPING +0 animal skin.
   940 | D:1      | 940 ||| READING scroll labelled CAEHYU ZOLLAU.
  1101 | D:2      | Identified the +3 dagger "Ames" {spect, *Corrode rElec
                  | Dex+3 Stlth+}
  1206 | D:2      | 1206 ||| Stepping ~*~*~tactically~*~*~ (stealth).
  1359 | D:2      | Reached ** piety under Trog
  1362 | D:2      | Noticed Robin
  1368 | D:2      | 1368 ||| INVOKING Berserk.
  1371 | D:2      | Killed Robin
  1372 | D:2      | Reached skill level 6 in Axes
  1372 | D:2      | Reached XP level 4. HP: 39/39 MP: 3/3
  1849 | D:2      | 1849 ||| UPGRADING to +0 chain mail.
  1859 | D:2      | 1859 ||| DROPPING +0 leather armour.
  1860 | D:2      | 1860 ||| READING scroll labelled CESODI XEYSIEROTZ.
  1861 | D:2      | 1861 ||| DRINKING 2 sedimented silvery potions.
  1862 | D:2      | 1862 ||| READING scroll of teleportation.
  1928 | D:3      | Found Hamu's Armour Shoppe.
  1936 | D:3      | 1936 ||| BUYING +0 cloak (49 gold).
  1936 | D:3      | Bought a +0 cloak for 49 gold pieces
  1936 | D:3      | 1936 ||| SHOPLISTING +2 plate armour of fire resistance
                  | (440 gold, have 90).
  2124 | D:3      | 2124 ||| Stepping ~*~*~tactically~*~*~ (hiding).
  2125 | D:3      | 2125 ||| Stepping ~*~*~tactically~*~*~ (hiding).
  2128 | D:3      | 2128 ||| INVOKING Berserk.
  2140 | D:3      | 2140 ||| DRINKING potion of curing.
  2140 | D:3      | 2140 ||| (to cure confusion)
  2261 | D:3      | 2261 ||| DROPPING +0 club.
  2280 | D:3      | Reached XP level 5. HP: 38/45 MP: 4/4
  2333 | D:3      | 2333 ||| SWAPPING to +0 war axe.
  2337 | D:3      | 2337 ||| DROPPING +0 hand axe of electrocution.
  2346 | D:3      | Reached skill level 7 in Axes
  2462 | D:3      | Found a faded altar of an unknown god.
  2767 | D:3      | 2767 ||| UPGRADING to +0 cloak.
  2772 | D:3      | 2772 ||| READING scroll labelled VAZXEUHEAMUPN.
  2773 | D:3      | 2773 ||| READING scroll labelled WUAJ XEYGG.
  2837 | D:4      | Noticed an ogre
  2843 | D:4      | 2843 ||| INVOKING Berserk.
  2845 | D:4      | Killed an ogre
  3052 | D:4      | Reached XP level 6. HP: 44/56 MP: 5/5
  3220 | D:4      | 3220 ||| Stepping ~*~*~tactically~*~*~ (stealth).
  3221 | D:4      | 3221 ||| Stepping ~*~*~tactically~*~*~ (stealth).
  3226 | D:4      | 3226 ||| INVOKING Berserk.
  3233 | D:4      | Reached skill level 8 in Axes
  3349 | D:4      | 3349 ||| Stepping ~*~*~tactically~*~*~ (stealth).
  3370 | D:4      | Reached *** piety under Trog
  3615 | D:4      | 3615 ||| READING scroll of brand weapon.
  3615 | D:4      | 3615 ||| BRANDING +1 war axe.
  3710 | D:4      | 3710 ||| UPGRADING to +0 buckler.
  3715 | D:4      | 3715 ||| UPGRADING to +0 pair of gloves.
  3720 | D:4      | 3720 ||| UPGRADING to ring of positive energy.
  3721 | D:4      | 3721 ||| UPGRADING to ring of willpower.
  3722 | D:4      | 3722 ||| DROPPING ring of magical power.
  3723 | D:4      | 3723 ||| READING scroll labelled MEUMONUEFI.
  3857 | D:4      | 3857 ||| READING scroll labelled UWAMITH TOKKU.
  3882 | D:5      | Entered Level 5 of the Dungeon
  3897 | D:5      | Reached XP level 7. HP: 57/61 MP: 6/6
  3996 | D:5      | Reached skill level 3 in Armour
  4047 | D:5      | 4047 ||| INVOKING Berserk.
  4051 | D:5      | Reached skill level 9 in Axes
  4299 | D:5      | Reached skill level 3 in Shields
  4463 | D:5      | 4463 ||| Stepping ~*~*~tactically~*~*~ (stealth).
  4472 | D:5      | 4472 ||| Stepping ~*~*~tactically~*~*~ (stealth).
  4489 | D:5      | Reached skill level 10 in Axes
  4490 | D:5      | 4490 ||| INVOKING Berserk.
  4493 | D:5      | Reached XP level 8. HP: 68/68 MP: 7/7
  4504 | D:5      | 4504 ||| Stepping ~*~*~tactically~*~*~ (stealth).
  4506 | D:5      | 4506 ||| Stepping ~*~*~tactically~*~*~ (stealth).
  4822 | D:5      | 4822 ||| READING scroll labelled POGE GAJIDOGHO.
  4823 | D:5      | 4823 ||| DRINKING 2 lumpy ruby potions.
  4824 | D:5      | 4824 ||| DRINKING 2 viscous ruby potions.
  4825 | D:5      | 4825 ||| DRINKING 2 grey potions.
  4826 | D:5      | 4826 ||| DRINKING 2 brown potions.
  4827 | D:5      | 4827 ||| READING 2 scrolls of identify.
  4827 | D:5      | 4827 ||| IDENTIFYING clear potion
  4828 | D:5      | 4828 ||| DROPPING potion of degeneration.
  4829 | D:5      | 4829 ||| DROPPING potion of lignification.
  4830 | D:5      | 4830 ||| DROPPING potion of magic.
  4909 | D:6      | Reached skill level 6 in Fighting
  4998 | D:6      | Found a bloodstained altar of Trog.
  5002 | D:6      | 5002 ||| INVOKING Berserk.
  5114 | D:6      | 5114 ||| INVOKING Berserk.
  5117 | D:6      | Reached skill level 11 in Axes
  5299 | D:6      | Found a staircase to the Ecumenical Temple.
  5318 | D:6      | Noticed a dream sheep
  5318 | D:6      | Noticed a dream sheep
  5318 | D:6      | Noticed a dream sheep
  5318 | D:6      | Noticed a dream sheep
  5318 | D:6      | Noticed a dream sheep
  5318 | D:6      | Found a shimmering altar of Xom.
  5321 | D:6      | Killed a dream sheep
  5321 | D:6      | Killed a dream sheep
  5321 | D:6      | Killed a dream sheep
  5321 | D:6      | Killed a dream sheep
  5322 | D:6      | 5322 ||| Stepping ~*~*~tactically~*~*~ (cloud).
  5322 | D:6      | Killed a dream sheep
  5415 | D:6      | 5415 ||| FLEEEEING.
  5416 | D:6      | 5416 ||| FLEEEEING.
  5417 | D:6      | 5417 ||| FLEEEEING.
  5418 | D:6      | 5418 ||| FLEEEEING.
  5420 | D:6      | 5420 ||| STAIRDANCE
  5454 | D:5      | 5454 ||| READING scroll labelled JESMUULEZY.
  5555 | D:5      | 5555 ||| READING 2 scrolls of identify.
  5555 | D:5      | 5555 ||| IDENTIFYING fuming cyan potion
  5556 | D:5      | 5556 ||| DROPPING potion of attraction.
  5604 | D:6      | 5604 ||| Stepping ~*~*~tactically~*~*~ (hiding).
  5616 | D:6      | Reached XP level 9. HP: 63/75 MP: 8/8
  5621 | D:6      | 5621 ||| FLEEEEING.
  5629 | D:6      | Reached skill level 12 in Axes
  5674 | D:6      | 5674 ||| Stepping ~*~*~tactically~*~*~ (stealth).
  5777 | D:6      | 5777 ||| Stepping ~*~*~tactically~*~*~ (stealth).
  5792 | D:6      | Found a sparkling altar of Nemelex Xobeh.
  5801 | D:6      | 5801 ||| Stepping ~*~*~tactically~*~*~ (stealth).
  5802 | D:6      | 5802 ||| Stepping ~*~*~tactically~*~*~ (stealth).
  5903 | D:6      | 5903 ||| READING 2 scrolls of identify.
  5903 | D:6      | 5903 ||| IDENTIFYING green potion
  5904 | D:6      | 5904 ||| DROPPING potion of berserk rage.
  5947 | D:7      | Reached **** piety under Trog
  6242 | D:7      | Found Avaguph's Armour Shop.
  6253 | D:7      | 6253 ||| SHOPLISTING +5 plate armour "Vafaw" {rPois rF+
                  | rN+} (985 gold, have 373).
  6253 | D:7      | 6253 ||| SHOPLISTING +9 plate armour of ponderousness (630
                  | gold, have 373).
  6336 | D:7      | 6336 ||| INVOKING Berserk.
  6518 | D:7      | 6518 ||| INVOKING Berserk.
  6524 | D:7      | Reached skill level 13 in Axes
  6723 | D:7      | 6723 ||| READING scroll labelled MAT OCHYRGHOL.
  6724 | D:7      | 6724 ||| READING 2 scrolls of identify.
  6724 | D:7      | 6724 ||| IDENTIFYING bubbling pink potion
  6747 | D:8      | 6747 ||| Stepping ~*~*~tactically~*~*~ (hiding).
  6749 | D:8      | 6749 ||| Stepping ~*~*~tactically~*~*~ (hiding).
  6887 | D:8      | 6887 ||| FLEEEEING.
  6888 | D:8      | 6888 ||| FLEEEEING.
  6889 | D:8      | 6889 ||| FLEEEEING.
  6890 | D:8      | 6890 ||| FLEEEEING.
  6892 | D:8      | 6892 ||| FLEEEEING.
  6893 | D:8      | 6893 ||| FLEEEEING.
  6894 | D:8      | 6894 ||| FLEEEEING.
  6895 | D:8      | 6895 ||| FLEEEEING.
  6896 | D:8      | 6896 ||| FLEEEEING.
  6897 | D:8      | 6897 ||| FLEEEEING.
  6898 | D:8      | 6898 ||| FLEEEEING.
  6899 | D:8      | 6899 ||| FLEEEEING.
  6900 | D:8      | 6900 ||| FLEEEEING.
  6901 | D:8      | 6901 ||| FLEEEEING.
  6902 | D:8      | 6902 ||| FLEEEEING.
  6903 | D:8      | 6903 ||| FLEEEEING.
  6904 | D:8      | 6904 ||| FLEEEEING.
  6906 | D:8      | 6906 ||| FLEEEEING.
  6907 | D:8      | 6907 ||| FLEEEEING.
  6908 | D:8      | 6908 ||| FLEEEEING.
  6909 | D:8      | 6909 ||| FLEEEEING.
  6910 | D:8      | 6910 ||| FLEEEEING.
  6911 | D:8      | 6911 ||| FLEEEEING.
  6912 | D:8      | 6912 ||| FLEEEEING.
  6913 | D:8      | 6913 ||| FLEEEEING.
  6914 | D:8      | 6914 ||| FLEEEEING.
  6915 | D:8      | 6915 ||| FLEEEEING.
  6916 | D:8      | 6916 ||| FLEEEEING.
  6919 | D:8      | 6919 ||| STAIRDANCE
  7011 | D:7      | 7011 ||| UPGRADING to ring of protection from cold.
  7013 | D:7      | 7013 ||| READING 4 scrolls of identify.
  7013 | D:7      | 7013 ||| IDENTIFYING sedimented grey potion
  7014 | D:7      | 7014 ||| READING 3 scrolls of identify.
  7014 | D:7      | 7014 ||| IDENTIFYING glowing puce potion
  7018 | D:8      | 7018 ||| STAIRDANCE
  7026 | D:8      | 7026 ||| STAIRDANCE
  7186 | D:8      | Found a flagged portal.
  7472 | D:8      | 7472 ||| INVOKING Berserk.
  7673 | D:8      | 7673 ||| Stepping ~*~*~tactically~*~*~ (stealth).
  7691 | D:8      | 7691 ||| INVOKING Berserk.
  8198 | D:8      | 8198 ||| DROPPING amulet of magic regeneration.
  8199 | D:8      | 8199 ||| READING scroll labelled EGAINE HESUI.
  8200 | D:8      | 8200 ||| READING scroll labelled PESUTI PAIDD.
  8278 | D:9      | 8278 ||| INVOKING Berserk.
  8280 | D:9      | Reached XP level 10. HP: 88/88 MP: 9/9
  8298 | D:9      | Reached skill level 14 in Axes
  8339 | D:9      | 8339 ||| Stepping ~*~*~tactically~*~*~ (stealth).
  8344 | D:9      | 8344 ||| INVOKING Berserk.
  8359 | D:9      | Reached skill level 6 in Armour
  8449 | D:9      | 8449 ||| READING scroll of enchant weapon.
  8449 | D:9      | 8449 ||| ENCHANTING +1 war axe of protection.
  8521 | D:9      | 8521 ||| Stepping ~*~*~tactically~*~*~ (cloud).
  8524 | D:9      | 8524 ||| INVOKING Berserk.
  8593 | D:9      | 8593 ||| Stepping ~*~*~tactically~*~*~ (hiding).
  8744 | D:9      | Found a blossoming altar of Fedhas.
  9221 | D:10     | Entered Level 10 of the Dungeon
  9221 | D:10     | Noticed Erica
  9225 | D:10     | Noticed Erolcha
  9226 | D:10     | 9226 ||| INVOKING Trog's Hand.
  9234 | D:10     | 9234 ||| INVOKING Berserk.
  9237 | D:10     | HP: 33/132 [something (3)]
  9241 | D:10     | Killed Erolcha
  9242 | D:10     | Reached skill level 15 in Axes
  9244 | D:10     | Killed Erica
  9245 | D:10     | Reached skill level 9 in Fighting
  9511 | D:10     | 9511 ||| INVOKING Berserk.
  9633 | D:10     | 9633 ||| DROPPING +1 war axe of freezing.
  9746 | D:10     | 9746 ||| Stepping ~*~*~tactically~*~*~ (stealth).
  9748 | D:10     | 9748 ||| Stepping ~*~*~tactically~*~*~ (stealth).
  9752 | D:10     | Reached skill level 3 in Throwing
  9762 | D:10     | 9762 ||| INVOKING Berserk.
  9782 | D:10     | Reached skill level 3 in Dodging
  9894 | D:10     | Found a staircase to the Orcish Mines.
  9961 | D:10     | Found a staircase to the Lair.
  9984 | D:10     | 9984 ||| FLEEEEING.
 10055 | D:10     | 10055 ||| INVOKING Berserk.
 10453 | D:10     | 10453 ||| PLANNING LAIR
 10453 | D:10     | 10453 ||| UPGRADING to +0 plate armour.
 10463 | D:10     | 10463 ||| DROPPING +0 chain mail.
 10464 | D:10     | 10464 ||| READING scroll labelled YHETAF WIROMYC.
 10465 | D:10     | 10465 ||| READING 4 scrolls of identify.
 10465 | D:10     | 10465 ||| IDENTIFYING purple potion
 10466 | D:10     | 10466 ||| READING 3 scrolls of identify.
 10466 | D:10     | 10466 ||| IDENTIFYING bubbling blue potion
 10467 | D:10     | 10467 ||| READING 2 scrolls of identify.
 10467 | D:10     | 10467 ||| IDENTIFYING smoky brown potion
 10468 | D:10     | 10468 ||| DROPPING potion of invisibility.
 10469 | D:10     | 10469 ||| DROPPING potion of ambrosia.
 10544 | Lair:1   | Entered Level 1 of the Lair of Beasts
 10547 | Lair:1   | 10547 ||| INVOKING Berserk.
 10560 | Lair:1   | 10560 ||| Stepping ~*~*~tactically~*~*~ (water).
 10570 | Lair:1   | Reached XP level 11. HP: 34/97 MP: 10/10
 10578 | Lair:1   | HP: 18/97 [blink frog (10)]
 10578 | Lair:1   | HP: 4/97 [blink frog (14)]
 10579 | Lair:1   | 10579 ||| READING 2 scrolls of teleportation.
 10580 | Lair:1   | 10580 ||| DRINKING 2 potions of heal wounds.
 10581 | Lair:1   | 10581 ||| DRINKING potion of heal wounds.
 10595 | Lair:1   | Reached skill level 16 in Axes
 10811 | Lair:1   | 10811 ||| INVOKING Berserk.
 10935 | Lair:1   | Noticed a seven-headed hydra
 10936 | Lair:1   | 10936 ||| Stepping ~*~*~tactically~*~*~ (stealth).
 10945 | Lair:1   | Reached skill level 6 in Shields
 10954 | Lair:1   | 10954 ||| INVOKING Brothers in Arms.
 10955 | Lair:1   | 10955 ||| INVOKING Brothers in Arms.
 10956 | Lair:1   | 10956 ||| SWAPPING to +0 flail.
 10957 | Lair:1   | 10957 ||| INVOKING Berserk.
 10958 | Lair:1   | Killed a seven-headed hydra
 11180 | Lair:1   | 11180 ||| Stepping ~*~*~tactically~*~*~ (stealth).
 11181 | Lair:1   | 11181 ||| SWAPPING to +2 war axe of protection.
 11183 | Lair:1   | 11183 ||| INVOKING Berserk.
 11299 | Lair:1   | Found a runed translucent door.
 11301 | Lair:1   | Found a shimmering altar of Xom.
 11301 | Lair:1   | Noticed qw's ghost (journeyman TrCA)
 11301 | Lair:1   | Noticed a +1 rapier of chaos
 11336 | Lair:1   | 11336 ||| Stepping ~*~*~tactically~*~*~ (hiding).
 11337 | Lair:1   | 11337 ||| INVOKING Berserk.
 11350 | Lair:1   | Reached skill level 9 in Armour
 11657 | Lair:1   | 11657 ||| INVOKING Berserk.
 11788 | Lair:1   | 11788 ||| Stepping ~*~*~tactically~*~*~ (hiding).
 12625 | Lair:2   | Noticed a five-headed hydra
 12626 | Lair:2   | 12626 ||| Stepping ~*~*~tactically~*~*~ (hiding).
 12629 | Lair:2   | 12629 ||| INVOKING Brothers in Arms.
 12630 | Lair:2   | 12630 ||| SWAPPING to +0 flail.
 12631 | Lair:2   | 12631 ||| INVOKING Berserk.
 12637 | Lair:2   | Killed a five-headed hydra
 12644 | Lair:2   | HP: 38/153 [poisoned by a black mamba]
 12649 | Lair:2   | HP: 30/153 [poisoned by a black mamba]
 12652 | Lair:2   | 12652 ||| SWAPPING to +2 war axe of protection.
 12654 | Lair:2   | HP: 16/102 [poisoned by a black mamba]
 12715 | Lair:2   | 12715 ||| FLEEEEING.
 12716 | Lair:2   | 12716 ||| FLEEEEING.
 12722 | Lair:2   | 12722 ||| STAIRDANCE
 13059 | Lair:2   | 13059 ||| INVOKING Berserk.
 13067 | Lair:2   | 13067 ||| Stepping ~*~*~tactically~*~*~ (cloud).
 13156 | Lair:2   | Noticed a four-headed hydra
 13160 | Lair:2   | 13160 ||| SWAPPING to +0 flail.
 13161 | Lair:2   | 13161 ||| INVOKING Berserk.
 13163 | Lair:2   | Killed a four-headed hydra
 13182 | Lair:2   | 13182 ||| SWAPPING to +2 war axe of protection.
 13305 | Lair:2   | 13305 ||| INVOKING Berserk.
 13424 | Lair:2   | 13424 ||| Stepping ~*~*~tactically~*~*~ (stealth).
 13426 | Lair:2   | 13426 ||| INVOKING Berserk.
 13436 | Lair:2   | Reached XP level 12. HP: 110/110 MP: 11/11
 13556 | Lair:2   | Found a staircase to the Snake Pit.
 13584 | Lair:2   | Reached skill level 12 in Fighting
 13986 | Lair:2   | 13986 ||| Stepping ~*~*~tactically~*~*~ (stealth).
 14202 | Lair:2   | Noticed Sonja
 14212 | Lair:2   | 14212 ||| INVOKING Berserk.
 14212 | Lair:2   | HP: 37/168 [Sonja/+2 short sword of distortion (10)]
 14212 | Abyss:2  | Cast into level 2 of the Abyss (Sonja)
 14216 | Abyss:2  | 14216 ||| INVOKING Trog's Hand.
 14217 | Abyss:2  | HP: 21/112 [poisoned by Sonja (curare-tipped dart)]
 14224 | Abyss:2  | 14224 ||| INVOKING Trog's Hand.
 14248 | Abyss:2  | 14248 ||| INVOKING Trog's Hand.
 14254 | Abyss:2  | 14254 ||| Stepping ~*~*~tactically~*~*~ (stealth).
 14296 | Abyss:2  | 14296 ||| Stepping ~*~*~tactically~*~*~ (stealth).
 14322 | Abyss:2  | 14322 ||| Stepping ~*~*~tactically~*~*~ (stealth).
 14323 | Abyss:2  | 14323 ||| Stepping ~*~*~tactically~*~*~ (stealth).
 14324 | Abyss:2  | 14324 ||| Stepping ~*~*~tactically~*~*~ (stealth).
 14331 | Abyss:2  | 14331 ||| Stepping ~*~*~tactically~*~*~ (hiding).
 14388 | Abyss:2  | Noticed a cyan very ugly thing
 14390 | Abyss:2  | Noticed a cyan very ugly thing
 14393 | Abyss:2  | 14393 ||| INVOKING Berserk.
 14398 | Abyss:2  | HP: 40/168 [cyan very ugly thing (19)]
 14403 | Abyss:2  | HP: 37/168 [cyan ugly thing (4)]
 14404 | Abyss:2  | HP: 14/168 [cyan very ugly thing (10)]
 14404 | Abyss:2  | Mangled by a cyan very ugly thing

Levels and vault maps discovered:
D:1:      giann_wishing_wells, layout_rooms
D:2:      layout_basic, uniq_robin
D:3:      minmay_door_path, layout_basic, serial_shops, nicolae_shop_crystal,
          dreamdust_ecumenical_altar_statues
D:4:      minmay_opposing_rooms, layout_rooms
D:5:      layout_layer_cave, minmay_fractal_squares_5
D:6:      layout_basic, nemelex_xobeh_ov_fountains_minmay, trog_ov_bears_minmay,
          kb_xom_exploding_sheep, minmay_temple_entry_butterflies,
          minmay_manual_mess
D:7:      layout_rooms, serial_shops, shop
D:8:      layout_rooms, serial_corexii_hall, corexii_hall_statues_t,
          chequers_hall_statues_corner_a, corexii_hall_statues_x,
          corexii_hall_statues_x, enter_bailey_8
D:9:      layout_irregular_city, fedhas_altar_3
D:10:     layout_basic, david_lair_shrubbed, hiddenorc1_lemuel, uniq_erica,
          uniq_erolcha
Lair:1:   layout_hall_layers, ebering_ghost_xom, infiniplex_staircase_pool_2,
          lemuel_fruit_tree, grunt_megastairs_1
Lair:2:   minmay_lair_oklob_tunnel, layout_regular_city,
          minmay_shoals_entry_hut, minmay_snake_entry_six_corridors,
          serial_bayou_shore_b, uniq_sonja
Abyss:2:  base: D:7, serial_sigils_hangedman_quiver

Skill      XL: |  1  2  3  4  5  6  7  8  9 10 11 12 |
---------------+-------------------------------------+-----
Axes           | 4 5 6 7 8 10 11 13 15 16 | 16.0
Fighting       | 5 6 8 9 11 12 | 12.0
Shields        | 2 3 4 5 7 |  7.9
Armour         | 3 4 5 7 10 | 10.2
Throwing       | 2 3 5 |  5.0
Dodging        | 3 4 |  4.0

Action                   |  1- 3 |  4- 6 |  7- 9 | 10-12 || total
-------------------------+-------+-------+-------+-------++-------
Melee: Hand axe          |    68 |    27 |       |       ||    95
       Headbutt          |     9 |    13 |    27 |    52 ||   101
       War axe           |       |    81 |   244 |   281 ||   606
       Flail             |       |       |       |    22 ||    22
Throw: Boomerang         |       |    14 |    69 |     7 ||    90
       Javelin           |       |       |       |    63 ||    63
Invok: Berserk           |     1 |     3 |     9 |    19 ||    32
       Trog's Hand       |       |       |       |     4 ||     4
       Brothers in Arms  |       |       |       |     2 ||     2
  Use: Scroll            |     5 |     7 |    11 |     6 ||    29
       Potion            |       |     2 |     4 |     2 ||     8
Armor: Animal skin       |     3 |       |       |       ||     3
       Leather armour    |     4 |       |       |       ||     4
       Chain mail        |       |    45 |   142 |    53 ||   240
       Plate armour      |       |       |       |   102 ||   102
Dodge: Dodged            |    43 |    39 |    88 |    85 ||   255
Block: Buckler           |       |       |    42 |    67 ||   109

Table legend:
 A = Non-vault XP
 B = Vault XP
 C = Vault XP percentage of total XP
 D = Non-vault monster count
 E = Vault monster count
 F = Vault count percentage of total count
                 A         B        C        D         E       F
            +---------+---------+-------+---------+---------+-------
      Total |   18955 |    6975 |  26.9 |     209 |      72 |  25.6
            +---------+---------+-------+---------+---------+-------
        D:1 |      31 |       0 |   0.0 |      17 |       0 |   0.0
        D:2 |      42 |      33 |  44.0 |      13 |      11 |  45.8
        D:3 |      91 |      11 |  10.8 |       9 |       5 |  35.7
        D:4 |     271 |     224 |  45.3 |      18 |      10 |  35.7
        D:5 |     811 |     392 |  32.6 |      14 |       6 |  30.0
        D:6 |     815 |     628 |  43.5 |      18 |       6 |  25.0
        D:7 |     910 |       0 |   0.0 |      23 |       0 |   0.0
        D:8 |    1073 |       0 |   0.0 |      24 |       0 |   0.0
        D:9 |    1694 |       0 |   0.0 |      13 |       0 |   0.0
       D:10 |    1126 |    2071 |  64.8 |       9 |      20 |  69.0
     Lair:1 |    7022 |     554 |   7.3 |      31 |       2 |   6.1
     Lair:2 |    4825 |    3062 |  38.8 |      17 |      12 |  41.4
    Abyss:2 |     244 |       0 |   0.0 |       3 |       0 |   0.0
            +---------+---------+-------+---------+---------+-------
